[Event "Polish Youth B18 Championship 2023"]
[Site "Jastrzebia Gora"]
[Date "2023.03.14"]
[Round "4.1"]
[White "Luberanski, Jakub"]
[Black "Dzida, Kamil"]
[Result "1/2-1/2"]
[ECO "E06"]
[WhiteElo "2242"]
[BlackElo "2333"]
[Annotator "TA"]
[PlyCount "63"]
[EventDate "2023.03.11"]
[EventType "swiss"]
[EventCountry "POL"]
[SourceTitle "playchess.com"]
[Source "ChessBase"]
[SourceQuality "1"]
[TimeControl "40/5400+30:1800+30"]

1. d4 Nf6 2. c4 e6 3. Nf3 d5 4. g3 Be7 5. Bg2 O-O 6. O-O dxc4 7. Qc2 b6 {[%emt 0:00:07] E05: Open Catalan: 5 Nf3 Be7.} 8. Ne5 Qxd4 9. Bxa8 Qxe5 10. Bf3 Nd5 11. Qxc4 Ba6 12. Qe4 Nc6 {[%emt 0:10:35][%cal Bb8c6,Bc6d4,Bd4c2][%mdl 32] [#]} (12... Qxe4 {simplifies} 13. Bxe4 Rd8 14. Re1 Nc6) 13. Nc3 $1 Qxe4 (13... Nxc3 14. bxc3) 14. Bxe4 Nd4 15. Bxd5 exd5 16. Rd1 $1 Nc2 17. Rb1 (17. Nxd5 $1 $14 Bd6 18. Rb1 Bxe2 19. Rd2) 17... d4 $1 $11 18. Nd5 Bd6 {[%emt 0:00:38] [#]} 19. Bf4 $146 {[%emt 0:09:38] [#] Bxd6 would be deadly.} ({Predecessor:} 19. Rd2 d3 20. exd3 Ne1 21. Rd1 Bxd3 22. Ra1 Nc2 23. Rxd3 Nxa1 24. Bf4 Bxf4 25. Nxf4 {½-½ Randil,L (1953)-Thenuka,K (1740) SRI-ch Nugegoda 2019 (6)}) 19... Bxe2 20. Bxd6 cxd6 21. Rd2 $1 d3 22. Nf4 (22. Rc1 $11 {remains equal.}) 22... Nd4 $17 {[%emt 0:02:19] Hoping for ...Nf3+.} 23. Kg2 {[%emt 0:00:29][%cal Of4e2] Nxe2! is the strong threat.} Bf3+ 24. Kf1 Bb7 ({Black should try} 24... Be4 $17 {aiming for ...Nf3.} 25. Rxd3 Nf3 26. Rxf3 Bxf3) 25. Rbd1 {[%emt 0:14:02] The position is equal.} Re8 26. Rxd3 Ba6 27. Kg2 Bxd3 28. Rxd3 Ne6 29. Rxd6 Nxf4+ 30. gxf4 g6 31. Rd7 Re2 32. Rxa7 {[%emt 0:00:12] Weighted Error Value: White=0.13 (very precise) /Black=0.13 (very precise)} 1/2-1/2

[Event "Polish Youth B18 Championship 2023"]
[Site "Jastrzebia Gora"]
[Date "2023.03.14"]
[Round "4.2"]
[White "Kacprzak, Kacper"]
[Black "Kaliszuk, Kamil"]
[Result "1-0"]
[ECO "C95"]
[WhiteElo "2248"]
[BlackElo "2217"]
[Annotator "TA"]
[PlyCount "69"]
[EventDate "2023.03.11"]
[EventType "swiss"]
[EventCountry "POL"]
[SourceTitle "playchess.com"]
[Source "ChessBase"]
[SourceQuality "1"]
[TimeControl "40/5400+30:1800+30"]

1. e4 e5 2. Nf3 Nc6 3. Bb5 a6 4. Ba4 Nf6 5. O-O Be7 6. Re1 b5 7. Bb3 d6 8. c3 O-O 9. h3 Nb8 10. d4 Nbd7 11. c4 c6 12. Nc3 Bb7 13. a3 h6 {[%emt 0:16:43] C95: Closed Ruy Lopez: Breyer Variation with 10 d4.} 14. Qc2 Re8 15. Be3 Bf8 {[%emt 0:11:38] [#] White is slightly better.} 16. cxb5 $146 ({Predecessor:} 16. dxe5 Nxe5 17. Nxe5 dxe5 18. Rad1 Qe7 19. Ba2 Red8 20. b4 Rxd1 21. Rxd1 Rd8 22. Bc5 Rxd1+ 23. Qxd1 {½-½ Gharamian,T (2676)-Harikrishna,P (2672) Bundesliga 1112 2011 (3.1)}) 16... cxb5 17. Rad1 Qc7 18. Qb1 exd4 19. Bxd4 Nc5 20. Bc2 {[%emt 0:02:50] Strongly threatening Bxf6.} Nfd7 21. Nd5 Bxd5 (21... Qd8 $14) 22. exd5 $16 Ne5 (22... Nb6 $142) 23. Nd2 (23. Nh2 $1 $16) 23... Qb7 (23... Ncd7 $14) 24. b4 Ncd7 25. f4 $1 (25. Bh7+ Kh8 $16) 25... Nc4 (25... Ng6 $16) 26. Nxc4 (26. Bh7+ $6 Kh8 $16) 26... bxc4 {[%emt 0:00:01] [#]} (26... Rxe1+ $16 {was worth a try.} 27. Rxe1 bxc4) 27. Rxe8 $1 $18 Rxe8 {[%emt 0:00:04] [#]} 28. Ba4 {[%emt 0:00:04] Inhibits Qb5.} ({Resist} 28. Bh7+ Kh8 $16) 28... Rc8 29. Qe4 Nf6 30. Bc6 $2 {[%emt 0:03:08] White is more active.} (30. Qf5 $16 {keeps the pressure on.}) 30... Nxe4 $4 (30... Qxc6 $19 {avoids the disaster.} 31. Bxf6 Qa4) 31. Bxb7 {[%emt 0:00:05][%cal Bc6b7,Bb7a6,Ba6d3][%mdl 32] A strong pair of Bishops.} Rc7 (31... Rb8 {is a better defense.}) 32. Bxa6 c3 33. Rc1 c2 34. Bd3 Nc3 35. Rxc2 {[%emt 0:01:05] Weighted Error Value: White=0.39/Black=0.53} (35. Bxc2 $2 {perishes.} Ne2+ 36. Kf2 Nxc1 $19) 1-0

[Event "Polish Youth B18 Championship 2023"]
[Site "Jastrzebia Gora"]
[Date "2023.03.14"]
[Round "4.3"]
[White "Turski, Bartlomiej"]
[Black "Zdybel, Przemyslaw"]
[Result "0-1"]
[ECO "C55"]
[WhiteElo "2352"]
[BlackElo "2268"]
[Annotator "TA"]
[PlyCount "60"]
[EventDate "2023.03.11"]
[EventType "swiss"]
[EventCountry "POL"]
[SourceTitle "playchess.com"]
[Source "ChessBase"]
[SourceQuality "1"]
[TimeControl "40/5400+30:1800+30"]

1. e4 e5 2. Nf3 Nc6 3. Bc4 Nf6 4. d3 Be7 5. O-O d6 6. a4 O-O 7. Re1 Be6 {[%emt 0:00:43] 7...h6 is setting a new trend.} 8. Bxe6 {[%emt 0:11:55] C55: Two Knights: 4 d3, 4 d4 exd4 5 e5 and Max Lange Attack.} fxe6 9. Nbd2 Qe8 10. Nf1 {[%emt 0:08:35] White is slightly better.} Nh5 (10... Nd4 $5 ) 11. c3 Qg6 {[%emt 0:14:09] [#]} 12. d4 $146 (12. Ng3 {simplifies} Nxg3 13. hxg3 a5 14. Bd2) ({Predecessor:} 12. h3 a6 13. N1h2 Rf7 14. b4 Rff8 15. Ra2 Nf4 16. Bxf4 exf4 17. d4 Qf7 18. Qb3 {1-0 Piorun,K (2634)-Pogosyan,S (2365) Wch Blitz St Petersburg 2018 (8)}) 12... Nf4 13. Bxf4 Rxf4 14. d5 exd5 15. Qxd5+ Kh8 16. Ng3 Raf8 17. Qb5 Nd8 18. Qd7 R4f7 (18... Nc6 $2 19. Qxc7 Rb8 20. Nf5 $18) 19. Qxc7 Ne6 20. Qxb7 Nf4 $1 21. Qxa7 {[%emt 0:02:55] a5 would be deadly.} h5 $1 22. a5 (22. Qa6 $11 {deserves consideration.} h4 23. Nxe5 dxe5 24. Qxg6 {[%mdl 64] Remove Defender} Nxg6 25. Nf5) 22... h4 $15 23. a6 $2 hxg3 $17 24. fxg3 ({Much weaker is} 24. hxg3 Nxg2 25. Kxg2 Rxf3 $19) 24... Nd3 25. Re2 $2 {[%emt 0:02:23][%mdl 8192] [#] Loses the game.} (25. Qe3 $17 Nxe1 26. Qxe1) 25... d5 $1 $19 26. Qe3 (26. Rf2 Qxe4) 26... Bc5 27. Nd4 {[%emt 0:00:01] [#]} Qxa6 $3 {[%emt 0:03:21][%mdl 576] Deflection, Back Rank. Black mates.} 28. Rd1 exd4 29. cxd4 Qa4 30. b3 Qxd4 {[%emt 0:00:27] Ingenious play by Zdybel!   Weighted Error Value: White=0.99/Black=0.02 (flawless)} 0-1

[Event "Polish Youth B18 Championship 2023"]
[Site "Jastrzebia Gora"]
[Date "2023.03.14"]
[Round "4.4"]
[White "Budzisz, Adrian"]
[Black "Karolczuk, Iwo"]
[Result "1/2-1/2"]
[ECO "E15"]
[WhiteElo "2069"]
[BlackElo "2346"]
[Annotator "TA"]
[PlyCount "31"]
[EventDate "2023.03.11"]
[EventType "swiss"]
[EventCountry "POL"]
[SourceTitle "playchess.com"]
[Source "ChessBase"]
[SourceQuality "1"]
[TimeControl "40/5400+30:1800+30"]

1. d4 Nf6 2. c4 e6 3. Nf3 b6 4. g3 Ba6 5. b3 Bb4+ 6. Bd2 Be7 7. Nc3 d5 8. cxd5 exd5 9. Bg2 O-O 10. O-O {[%emt 0:00:06] The position is equal.} Nbd7 $1 {[%emt 0:04:16][%mdl 4] 10...Nbd7 is the modern continuation. E15: Queen's Indian: 4 g3 sidelines, 4 g3 Ba6 and 4 g3 Bb7 early deviations.} 11. a3 Bb7 {[%emt 0:07:17] [#]} 12. Bf4 $146 ({Predecessor:} 12. b4 c6 13. Qb3 Re8 14. a4 a5 15. bxa5 Rxa5 16. Rfb1 c5 17. e3 Bf8 18. dxc5 Bxc5 19. Nb5 Ra8 20. Nbd4 Ba6 21. Bf1 Bxf1 22. Kxf1 {1-0 Nielsen,P (2652)-Gelfand,B (2709) EU-ch Internet final blitz 2004 (3.5)}) 12... Nh5 13. Bc1 Nhf6 14. Bf4 Nh5 15. Bc1 Nhf6 16. Bf4 {[%emt 0:02:35] A rather calm draw.   Weighted Error Value: White=0.07 (flawless) /Black=0.04 (flawless)} 1/2-1/2

[Event "Polish Youth B18 Championship 2023"]
[Site "Jastrzebia Gora"]
[Date "2023.03.14"]
[Round "4.5"]
[White "Luczak, Filip"]
[Black "Ciszewski, Krzysztof"]
[Result "1-0"]
[ECO "B21"]
[WhiteElo "2345"]
[BlackElo "2047"]
[Annotator "TA"]
[PlyCount "73"]
[EventDate "2023.03.11"]
[EventType "swiss"]
[EventCountry "POL"]
[SourceTitle "playchess.com"]
[Source "ChessBase"]
[SourceQuality "1"]
[TimeControl "40/5400+30:1800+30"]

1. e4 c5 2. d4 cxd4 3. c3 dxc3 4. Nxc3 e6 5. Nf3 Nc6 6. Bc4 a6 7. O-O Nge7 8. Bg5 h6 {[%emt 0:03:11] B21: Sicilian: 2 f4 and Morra Gambit.} 9. Be3 Ng6 (9... b5 $5 10. Be2 Bb7 $11) 10. Qe2 b5 {[%emt 0:17:26] Black has an edge.} 11. Bb3 Be7 12. Nd4 O-O 13. f4 Bb7 {[%emt 0:04:22] [#]} (13... Qc7 $5) 14. Qh5 $146 ({Predecessor:} 14. f5 Nge5 15. Rad1 Nxd4 16. Bxd4 Qc7 17. Rc1 Nc6 18. Be3 Bf6 19. Qg4 Kh7 20. Qh5 {1-0 Bondareva,D (1707)-Wikar,M (1867) Wch U12 Girls 2016 (4)}) 14... Na5 15. f5 Nxb3 16. axb3 Nh8 $36 {[%emt 0:01:16][%mdl 2048] Black fights for an advantage.} 17. Qg4 Bg5 {[%emt 0:03:04] This pair of bishops is nice.} 18. Bf2 Re8 19. b4 Rc8 20. Nb3 (20. Rad1 $142) 20... d6 (20... exf5 $17 21. Qxf5 d6) 21. Rad1 Qe7 (21... exf5 $17 22. exf5 Rc4) 22. Bg3 $2 (22. Qg3 $11 {and White is okay.}) 22... exf5 $1 $19 23. exf5 (23. Qxf5 {keeps fighting.} Be3+ 24. Kh1) 23... Rc4 24. Nd4 Rxb4 25. Kh1 (25. Rfe1 {was necessary.} Qd7 26. b3) 25... Rxb2 26. Nf3 Rc8 27. Bxd6 $2 {[%emt 0:03:49] [#]} (27. Rfe1 Rc4 28. Rxe7 Bxe7 29. Bf4 Rxc3 30. Bxh6 Rxg2 {[%mdl 64] Remove Defender, Decoy} 31. Kxg2 Bxf3+ 32. Qxf3 Rxf3 33. Kxf3 gxh6 34. Ra1) 27... Qe8 $2 (27... Qe3 $1 $19 28. Nd5 Bxd5 29. Rxd5 Rc1 30. Rxc1 Qxc1+ 31. Ng1 Rb1) 28. Rfe1 $1 $14 Qc6 29. Ne4 {[%emt 0:04:28] Hoping for h4. White is more active.} Qc4 $2 (29... Qc2 $1 $14 30. Nfxg5 hxg5) 30. h4 $18 Bxe4 31. Rxe4 Qc2 $2 {[%emt 0:01:35] [#]} (31... Qb3 $16 {might work better.} 32. Rde1 (32. Nxg5 hxg5 33. Kh2 Rb1 $14) 32... Bf6) 32. Ne1 $1 Qf2 (32... h5) 33. hxg5 hxg5 34. Nd3 Qc2 35. Nxb2 Qxb2 36. Be5 Qc2 37. Red4 {[%emt 0:00:38] Weighted Error Value: White=0.36/Black=0.70} 1-0

[Event "Polish Youth B18 Championship 2023"]
[Site "Jastrzebia Gora"]
[Date "2023.03.14"]
[Round "4.6"]
[White "Czernek, Tymon"]
[Black "Taranowicz, Michal"]
[Result "1/2-1/2"]
[ECO "B23"]
[WhiteElo "2314"]
[BlackElo "1900"]
[Annotator "TA"]
[PlyCount "192"]
[EventDate "2023.03.11"]
[EventType "swiss"]
[EventCountry "POL"]
[SourceTitle "playchess.com"]
[Source "ChessBase"]
[SourceQuality "1"]
[TimeControl "40/5400+30:1800+30"]

1. e4 c5 2. Nc3 g6 3. g3 Bg7 4. Bg2 Nc6 5. Nge2 e6 6. O-O Nge7 7. d3 O-O 8. Be3 Nd4 9. f4 d6 10. Bf2 Nec6 11. Rb1 Rb8 12. Nxd4 Nxd4 13. Ne2 {[%emt 0:00:30] B25: Closed Sicilian: 3 g3, lines without early Be3.} Nxe2+ 14. Qxe2 Qa5 15. a3 {[%emt 0:00:38] [#]} b5 $146 ({Predecessor:} 15... Bd7 16. e5 dxe5 17. b4 cxb4 18. axb4 Qc7 19. Bxa7 Rbc8 20. Bc5 Rfd8 21. fxe5 b6 {0-1 Klemanic,E (2249)-Szegi,T (2233) SVK-chT1W 1314 2013 (1.4)}) 16. b4 Qc7 17. bxc5 dxc5 18. e5 Bb7 19. Bxb7 (19. Rxb5 $5 Bf3 20. Rxc5 Qxc5 21. Bxf3 Qxa3 22. Bd4 $11) 19... Rxb7 20. Qe4 Rfb8 21. g4 b4 22. a4 Bf8 23. f5 Qd7 24. Be3 Qd5 (24... Qxa4 $17 25. Rf2 Qa2) 25. Qf4 (25. Qxd5 $11 exd5 26. Kg2) 25... Bg7 26. f6 (26. Qf3 $142) 26... Bf8 $17 27. Rb3 Rc8 28. Qg3 $2 ({White should try} 28. Qf3 $15) 28... c4 $19 29. dxc4 Qxc4 30. Rf2 Rd7 {[%emt 0:00:16] Repels Rd3} 31. Qf3 Qd5 $2 (31... Qa6 $19 32. Rb1 Qxa4) 32. Qxd5 $15 Rxd5 33. Bxa7 Ra8 (33... Rxe5 $5 34. Bb6 h5 $11) 34. Be3 Rxe5 35. Rd2 g5 (35... Rxa4 $2 36. Rd8 Rea5 37. Rbd3 $18) (35... h5 {is more complex.} 36. gxh5 Rxe3 37. Rxe3 Bc5) 36. Kf2 ({White should play} 36. Bb6 $11) 36... h6 37. Rd7 {[%emt 0:03:16] [#]} Rea5 $1 38. h4 gxh4 $19 39. c3 (39. Rc7 {is a better defense.}) 39... Rxa4 40. cxb4 Rxb4 (40... Bxb4 $2 {loses.} 41. Bxh6 Ra2+ 42. Kf3 $19) 41. Rxb4 Bxb4 42. Bxh6 {[%emt 0:00:13][%mdl 4096] Endgame KRB-KRB} Bc5+ 43. Kg2 Ra3 44. g5 Ra7 45. Rd8+ (45. Rxa7 $142 Bxa7 46. g6 fxg6 47. Bg5) 45... Kh7 46. Kh3 Bf2 47. Kg4 {[%emt 0:02:05] Kh5 would kill now.} Ra4+ 48. Kf3 Bc5 49. Rc8 Bd4 50. Rf8 Ra7 (50... Kg6 $19 51. Rg8+ Kf5) 51. Kg4 $15 {[%emt 0:06:16] [#]} Bxf6 {[%emt 0:00:29][%mdl 64] And now ...Bg7 would win. Deflection} 52. Kxh4 Bg7 $1 {[%emt 0:00:20] Repels Kh5} 53. Bxg7 Kxg7 {[%emt 0:00:05] KR-KR} 54. Re8 Ra4+ 55. Kh5 Ra1 {[%emt 0:00:05] ...Rh1+ is the strong threat.} 56. Kg4 $2 {[%emt 0:00:41][%mdl 8192] [#]} (56. Rb8 $15) 56... Rh1 $2 ({Better is} 56... Rg1+ $1 $19 57. Kf4 Rh1) 57. Ra8 $1 Rh8 58. Ra1 Kg6 {[%emt 0:00:07] Threatens to win with ...Rh5.} 59. Rf1 $1 Rh2 60. Rf6+ Kg7 61. Rf1 Re2 62. Rf3 Re4+ 63. Kh5 Re1 64. Kg4 Rg1+ 65. Kh5 ({But not} 65. Kf4 $2 Kg6 66. Rh3 Rxg5 $19) 65... Kf8 66. Rf2 Ke7 (66... Rh1+ $15 67. Kg4 Rd1) 67. Kh6 $11 Kf8 (67... e5 $11) 68. Kh5 $15 Rh1+ 69. Kg4 Ke7 (69... Re1 $15) 70. Rf3 (70. Rb2 $11) 70... Rg1+ 71. Kf4 Kf8 72. Rh3 Kg7 73. Rh2 Rf1+ 74. Kg4 $1 e5 (74... Rc1 $15 {might be stronger.}) 75. Re2 $11 {[%emt 0:00:39] The position is equal.} Rf4+ 76. Kh5 $1 Rf5 {[%emt 0:00:37] Strongly threatening ...f6.} 77. Ra2 Rf4 78. Ra7 Rf1 79. Kg4 e4 (79... Kg6 $5 80. Ra6+ $8 Kh7 $11) 80. Re7 Re1 81. Kf4 Kg6 82. Ra7 e3 (82... Kh5 {simplifies} 83. Ra8 Rf1+ 84. Kxe4 Kxg5 85. Ke3 Rb1) 83. Ra6+ Kg7 84. Kf3 e2 85. Kf2 {[%emt 0:00:10] [#]} Rg1 $1 {[%emt 0:00:13][%mdl 64] Decoy, Clearance, Promotion} 86. Kxe2 Rxg5 87. Kf3 Rf5+ 88. Kg4 Rf1 89. Rb6 Rc1 90. Ra6 $1 Rf1 91. Rb6 f6 92. Ra6 Kg6 93. Ra5 Rb1 94. Kf4 Rb4+ 95. Kf3 f5 96. Ra8 Rb3+ {[%emt 0:00:15] Weighted Error Value: White=0.44/Black=0.51} 1/2-1/2

[Event "Polish Youth B18 Championship 2023"]
[Site "Jastrzebia Gora"]
[Date "2023.03.14"]
[Round "4.7"]
[White "Dziendziel, Mateusz"]
[Black "Chyzy, Jakub"]
[Result "0-1"]
[ECO "C45"]
[WhiteElo "2084"]
[BlackElo "2250"]
[Annotator "TA"]
[PlyCount "52"]
[EventDate "2023.03.11"]
[EventType "swiss"]
[EventCountry "POL"]
[SourceTitle "playchess.com"]
[Source "ChessBase"]
[SourceQuality "1"]
[TimeControl "40/5400+30:1800+30"]

1. e4 e5 2. Nf3 Nc6 3. d4 exd4 4. Nxd4 Qf6 5. Be3 Bc5 6. c3 Nge7 7. Nc2 d6 $1 {[%emt 0:04:07][%mdl 4] is currently scoring better than 7...Bxe3.} 8. Nd2 {[%emt 0:01:31] C45: Scotch Game.} Qg6 {[%emt 0:16:18] [#]} 9. h4 $146 ({Predecessor:} 9. Bxc5 dxc5 10. f4 O-O 11. Ne3 Re8 12. Be2 Qh6 13. O-O Be6 14. g4 Rad8 15. Qe1 f6 {0-1 Jarvenpaa,J (2063)-Soppela,J (2183) Heart of Finland op 16th 2006 (9)}) 9... f5 10. h5 {[%emt 0:01:28] The position is equal.} Qf7 11. Bb5 a6 12. Ba4 f4 13. Bb3 Qf6 14. Bxc5 dxc5 15. Qe2 Bd7 (15... Ne5 $5 ) 16. O-O-O O-O-O $1 17. g3 (17. Nf3 $15) 17... Ne5 $17 {[%emt 0:07:46] ...Bb5 is the strong threat.} 18. gxf4 Qxf4 {[%emt 0:00:08] White must now prevent ...Bg4.} 19. Kb1 $2 {[%emt 0:00:43] Loses the game.} (19. Ne3 $17 {is a better defense.}) 19... Bg4 $19 {[%emt 0:05:36][%mdl 64] [#] Skewer} 20. f3 Nxf3 ({And not} 20... Bxf3 21. Nxf3 Nxf3 22. Qe3 Qxe3 23. Nxe3 $17) 21. Nxf3 Bxf3 ({Resist} 21... Qxf3 22. Be6+ Kb8 23. Bxg4 $18) 22. Rdf1 Rhf8 ({Don't take} 22... Qxe4 23. Qxf3 Qxf3 24. Rxf3 $18) 23. Qh2 (23. Qe1) 23... Bxh1 {[%emt 0:01:29] Black is clearly winning.} 24. Qh3+ Kb8 25. Rxh1 Qxe4 {[%emt 0:01:42] Hoping for ...Rd3.} 26. Re1 {[%emt 0:00:27] [#]} c4 $1 {[%emt 0:00:41] Weighted Error Value: White=0.73/Black=0.07 (flawless)} 0-1

[Event "Polish Youth B18 Championship 2023"]
[Site "Jastrzebia Gora"]
[Date "2023.03.14"]
[Round "4.8"]
[White "Wilk, Igor"]
[Black "Ochedzan, Tymon"]
[Result "0-1"]
[ECO "B11"]
[WhiteElo "2058"]
[BlackElo "2240"]
[Annotator "TA"]
[PlyCount "80"]
[EventDate "2023.03.11"]
[EventType "swiss"]
[EventCountry "POL"]
[SourceTitle "playchess.com"]
[Source "ChessBase"]
[SourceQuality "1"]
[TimeControl "40/5400+30:1800+30"]

1. e4 {[%emt 0:00:03] Let's Check} c6 2. Nf3 d5 3. Nc3 Bg4 4. h3 Bxf3 5. Qxf3 e6 6. d3 Nd7 7. g3 {[%emt 0:02:23] 7.Be2 is a critical line.} Bc5 {[%emt 0:08:24] B11: Caro-Kann: Two Knights Variation.} 8. Bd2 Ne7 9. Bg2 O-O {[%emt 0:00:57] [#] The position is equal.} 10. Qe2 $146 ({Predecessor:} 10. O-O f5 11. exd5 exd5 12. Ne2 Ng6 13. d4 Bd6 14. Qb3 Nb6 15. h4 f4 16. h5 {½-½ Saric,I (2651)-Zelcic,R (2558) CRO-ch 12th Opatija 2012 (1)}) 10... Qc7 11. Nd1 (11. h4 $11) 11... f5 $15 12. exd5 Nxd5 13. Bxd5 (13. Qxe6+ Kh8 14. Bxd5 Rae8 $17) ({White should play} 13. c3 $15) 13... exd5 $17 14. Bf4 Qb6 15. O-O (15. Qe6+ Kh8 16. O-O (16. Qxd7 $2 Rae8+ 17. Kf1 Re7 $19) 16... Rae8 17. Qxd7 Re7 $19) 15... Rae8 16. Qd2 Ne5 17. Kg2 {[%emt 0:03:25] Prevents Nf3.} Ng6 {[%emt 0:02:46] Black is much more active.} 18. c3 Nxf4+ 19. Qxf4 Re6 20. b4 Bd6 21. Qf3 f4 {[%emt 0:02:00] Hoping for ...fxg3.} 22. g4 {[%emt 0:00:46] White is weak on the dark squares} Rfe8 23. Rb1 Qa6 $36 {[%emt 0:01:18][%mdl 2048] Black is in control.} 24. Rb2 {[%emt 0:05:54] Prevents Re2.} Qa3 25. b5 Re1 (25... Qa4 $17) 26. Rxe1 $11 Rxe1 27. bxc6 bxc6 {[%emt 0:02:10][%cal Oe1d1] ...Rxd1! is the strong threat.} 28. Rb7 $2 {[%emt 0:01:28][%mdl 8192] [#]} (28. Re2 $11 Rxe2 29. Qxe2) 28... Qc1 $1 $19 (28... Qxa2 29. Rd7 Re6 30. g5 $11) 29. Rd7 Be5 (29... Bf8 $2 30. Ne3 Qxc3 31. Qxf4 $18) (29... Rxd1 $19 30. Kh2 Bf8) 30. Rxd5 $2 Bf6 (30... cxd5 31. Qxd5+ Kf8 32. Qd8+ Kf7 33. Qd7+ Kf8 34. Qd8+ Kf7 35. Qd7+ Kf8 36. Qd8+ $11) (30... Qxd1 31. Qxd1 Rxd1 32. Rxe5 $16) (30... Rxd1 31. Rxe5 Rh1 32. Qe2 (32. Qxc6 $2 Qf1+ {[%mdl 64] Skewer, Deflection, Double Attack} 33. Kf3 Rxh3+ 34. Ke4 Qg2+ 35. Kd4 Qxc6 $19) (32. Re8+ $2 Kf7 $19) 32... f3+ 33. Kxf3 Rxh3+ 34. Ke4 $11) 31. Rc5 {[%emt 0:05:00][%cal Oc5c6] Rxc6! would be deadly.} Qxd1 (31... Rxd1 32. Rxc6 h6 33. Rc8+ Kh7 34. Qe4+ (34. Qd5 Rh1 $11) 34... g6 35. Qb7+ Bg7 36. Rc7 (36. Qxa7 $2 Rh1 $19) (36. Qf7 Rg1+ 37. Kf3 Qd1+ 38. Kxf4 g5+ 39. Ke4 Re1+ {[%mdl 64] Deflection} 40. Kd5 Qxd3+ 41. Kc5 Qxc3+ 42. Qc4 Qa5+ 43. Kd6 Qb6+ 44. Qc6 Be5+ 45. Ke6 Bc7+ 46. Kd7 Rd1+ {[%mdl 64] Deflection} 47. Ke7 Qxc6) 36... Rg1+ 37. Kh2 $18) 32. Qxc6 f3+ 33. Kg3 Rg1+ 34. Kf4 Qd2+ (34... Qxd3 $2 35. Qe8#) 35. Kxf3 {[%emt 0:01:42] [#]} (35. Kf5 $19 Qxd3+ 36. Qe4 Qd7+ 37. Qe6+ Qxe6+ 38. Kxe6 Re1+ 39. Kf5) 35... Qxd3+ (35... Qxa2 36. Qe8#) 36. Kf4 g5+ ({Resist} 36... Qxh3 37. Qe8#) 37. Rxg5+ Bxg5+ 38. Kxg5 Qg6+ ({And not} 38... Qxh3 39. Qc8+ Kg7 40. Qd7+ Kf8 41. Qd8+ Kg7 42. Qf6+ Kg8 43. Qd8+ Kg7 44. Qf6+ Kg8 45. Qd8+ Kg7 $11) 39. Qxg6+ hxg6 40. Kxg6 Rf1 {[%emt 0:00:00] Weighted Error Value: White=0.87/Black=0.18 (very precise)} 0-1